 Dungeon Crawl Stone Soup version 0.22.0-32-gbc6daba (webtiles) character file.

87 HoneyOTU the Stinger (level 4, -3/38 HPs)
             Began as a Naga Venom Mage on Aug 24, 2018.
             Was an Initiate of Vehumet.
             Slain by a worm (10 damage)
             ... on level 3 of the Dungeon.
             The game lasted 00:41:13 (3502 turns).

HoneyOTU the Stinger (Naga Venom Mage)              Turns: 3502, Time: 00:41:14

Health: -3/38      AC:  5    Str: 10    XL:     4   Next: 51%
Magic:  0/7        EV:  9    Int: 17    God:    Vehumet [......]
Gold:   115        SH:  0    Dex: 11    Spells: 6/7 levels left

rFire    . . .     SeeInvis +   b - +0 mace
rCold    . . .     Gourm    .   (no shield)
rNeg     + . .     Faith    .   f - +2 leather armour {rN+}
rPois    +         Spirit   .   n - +1 hat
rElec    .         Reflect  .   (no cloak)
rCorr    .         Harm     .   (no gloves)
MR       .....                  (no barding)
Stlth    ++........             (no amulet)
HPRegen  0.12/turn              (no ring)
MPRegen  0.10/turn              (no ring)

@: very slow
A: large, see invisible, deformed body, poison resistance, slowness 2, slow
metabolism 1, spit poison 1, AC +1
a: Spit Poison, Renounce Religion


You were on level 3 of the Dungeon.
You worshipped Vehumet.
Vehumet was noncommittal.
You were not hungry.

You visited 1 branch of the dungeon, and saw 3 of its levels.

You collected 115 gold pieces.

Inventory:

Hand Weapons
 b - a +0 mace (weapon)
 e - a +0 club
 g - a +0 dagger
 m - a +0 dagger
 p - a cursed -2 dagger
 q - a +0 club
 r - a +0 short sword
 s - a +0 hunting sling
 t - a +0 quarterstaff {Hi Boats}
 v - a +0 mace
 x - a +0 whip
 y - a cursed -3 hand axe
 B - a +0 flail
 D - a +0 club
 E - a +0 hunting sling
 H - a +0 short sword
Missiles
 d - 59 stones (quivered)
 i - 46 arrows
Armour
 a - a +0 robe
 f - a +2 leather armour of positive energy (worn)
 n - a +1 hat (worn)
 z - a +0 leather armour
 C - a +0 leather armour
 G - a +0 scale mail
Scrolls
 h - a scroll of teleportation {unknown}
 k - a scroll of remove curse
 o - a scroll of fog {unknown}
 u - a scroll of identify {unknown}
Potions
 j - a potion of brilliance {unknown}
 l - a potion of flight {unknown}
 F - a potion of lignification {unknown}
Comestibles
 c - 4 rations
 w - a chunk of flesh


   Skills:
 + Level 1.0 Fighting
 + Level 1.6 Maces & Flails
 + Level 0.1 Throwing
 + Level 1.0 Armour
 + Level 1.8 Dodging
 + Level 3.1 Stealth
 + Level 2.1 Spellcasting
 + Level 1.2 Conjurations
 + Level 5.0 Poison Magic


You had 6 spell levels left.
You knew the following spells:

 Your Spells              Type           Power        Failure   Level  Hunger
a - Sting                 Conj/Pois      ##..         7%          1    #......

Your spell library contained the following spells:

 Spells                   Type           Power        Failure   Level  Hunger
 Poisonous Vapours        Pois/Air       ##....       14%         2    ###....
 Mephitic Cloud           Conj/Pois/Air  #.......     32%         3    ###....
 Olgreb's Toxic Radiance  Pois           ###.....     32%         4    #####..
 Venom Bolt               Conj/Pois      ##........   89%         5    ######.


Dungeon Overview and Level Annotations

Branches:
Dungeon (3/15)

Altars:
Makhleb
Vehumet

Annotations:
D:2 Terence


Innate Abilities, Weirdness & Mutations

You cannot wear boots.
Your serpentine skin is tough. (AC +1)
You have supernaturally acute eyesight. (SInv)
Armour fits poorly on your strangely shaped body.
Your system is resistant to poisons. (rPois)
You cover ground very slowly.
You have a slow metabolism.
You can spit poison.


Message History

The orc wizard mumbles some strange words.
The orc wizard blinks!
The worm barely misses you.
You barely miss the worm.
The worm is severely wounded.
The orc wizard casts a spell.
The orc wizard blinks!
You barely miss the worm.
The worm is severely wounded.
The worm bites you!
* * * LOW HITPOINT WARNING * * *
Casting: Sting (safe; 7% risk of failure)
Confirm with . or Enter, or press ? or * to list all spells.
Aiming: Sting (safe; 7% risk of failure)
Press: ? - help, Shift-Dir - straight line, f - worm
Aim: a worm (severely wounded)
The sting hits the worm.
The worm appears unharmed.
The worm is severely wounded.
The orc wizard mumbles some strange words.
The orc wizard seems to speed up.
The worm bites you!
You die...

.. #.......... ..##
#.......... ...
##......... ##.###
#......... .
#<...######...##.###
... #..........##.#
....#
#.#######..##.#
......##(# #..#
((..()w@.# ##>..
....).#### #####
....o .... ... .. .


You could see a worm and an orc wizard.

Vanquished Creatures
  2 adders
  An ooze (D:2)
  A worm (D:2)
  A dart slug (D:1)
  10 orcs (D:3)
  4 giant cockroaches
  9 goblins
  5 hobgoblins
  2 jackals (D:2)
  3 kobolds
  A bat (D:2)
  6 rats
45 creatures vanquished.

Notes
Turn   | Place    | Note
-------+----------+-------------------------------------------
     0 | D:1      | HoneyOTU the Naga Venom Mage began the quest for the Orb.
     0 | D:1      | Reached XP level 1. HP: 15/15 MP: 3/3
   704 | D:1      | Reached XP level 2. HP: 11/22 MP: 0/5
  2004 | D:2      | Reached XP level 3. HP: 27/30 MP: 6/6
  2295 | D:2      | Reached skill level 1 in Maces & Flails
  2698 | D:2      | Found a radiant altar of Vehumet.
  2706 | D:2      | Became a worshipper of Vehumet
  2756 | D:2      | Noticed Terence
  3130 | D:2      | Found a burning altar of Makhleb.
  3130 | D:2      | Noticed a balrug
  3182 | D:3      | Reached XP level 4. HP: 32/37 MP: 5/7
  3265 | D:3      | Reached skill level 5 in Poison Magic
  3479 | D:3      | Reached skill level 1 in Fighting
  3493 | D:3      | Reached skill level 1 in Armour
  3502 | D:3      | Slain by a worm

Skill      XL: |  1  2  3  4 |
---------------+-------------+-----
Maces & Flails | 1 |  1.6
Poison Magic   | 5 |  5.0
Fighting       | 1 |  1.0
Armour         | 1 |  1.0
Throwing       | |  0.1
Dodging        | |  1.8
Stealth        | |  3.1
Spellcasting   | |  2.1
Conjurations   | |  1.2

Action                   |  1- 3 |  4- 6 || total
-------------------------+-------+-------++-------
Melee: Mace              |    79 |    38 ||   117
Throw: Stone             |    21 |     7 ||    28
       Tomahawk          |       |     7 ||     7
 Cast: Sting             |    28 |    24 ||    52
  Use: Scroll            |     1 |       ||     1
  Eat: Ration            |     2 |       ||     2
       Chunk             |     1 |       ||     1
Armor: Leather armour    |    43 |    13 ||    56
Dodge: Dodged            |    55 |    29 ||    84
